 Dungeon Crawl Stone Soup version 0.31-a0-1278-g11c5b68f87 (webtiles) character file.

Game seed: 15929334753931839117

343 horus123 the Skirmisher (level 6, -4/34 HPs)
             Began as a Deep Elf Hunter on Dec 18, 2023.
             Slain by an iguana (8 damage)
             ... on level 5 of the Dungeon.
             The game lasted 00:05:02 (3421 turns).

horus123 the Skirmisher (Deep Elf Hunter)           Turns: 3421, Time: 00:05:03

Health: -4/34      AC: 12    Str:  8    XL:     6   Next: 31%
Magic:  8/8        EV:  0    Int: 14    God:
Gold:   307        SH:  0    Dex: 20    Spells: 5/5 levels left

rFire   . . .        a - +0 shortbow
rCold   + . .        (shield currently unavailable)
rNeg    . . .        w - +0 plate armour
rPois   .            (no helmet)
rElec   .            (no cloak)
rCorr   +            (no gloves)
SInv    .            g - +0 pair of boots
Will    .....        (no amulet) Stlth
                     d - ring of protection from cold
HPRegen 0.25/turn    t - ring of resist corrosion
MPRegen 0.11/turn

%: no passive effects
@: mighty, lethally poisoned (-4 -> -10), hasted, very quick
A: no striking features
a: no special abilities


You were on level 5 of the Dungeon.
You visited 1 branch of the dungeon, and saw 5 of its levels.

You collected 307 gold pieces.

Inventory:

Hand Weapons
 a - a +0 shortbow (weapon)
 e - a +0 short sword
 u - a +0 rapier
Missiles
 o - a throwing net
Armour
 c - a +0 leather armour
 g - a +0 pair of boots (worn)
 w - a +0 plate armour (worn)
Jewellery
 d - a ring of protection from cold (left hand)
 t - a ring of resist corrosion (right hand)
Wands
 s - a wand of roots (9)
Scrolls
 b - a scroll of butterflies
 f - a scroll of identify {unknown}
 h - a scroll of revelation {unknown}
 k - 2 scrolls of fog {unknown}
 l - a scroll of silence {unknown}
 m - a scroll of noise {unknown}
 n - 4 scrolls of teleportation {unknown}
 v - a scroll of fear {unknown}
Potions
 p - a potion of lignification {unknown}
 q - a potion of curing {unknown}
 r - a potion of enlightenment {unknown}
 x - a potion of degeneration {unknown}


   Skills:
 - Level 1.5 Fighting
 - Level 8.0 Ranged Weapons
 + Level 3.5 Armour
 - Level 2.4 Dodging
 - Level 1.2 Stealth


You had 5 spell levels left.
You didn't know any spells.
Your spell library was empty.

Dungeon Overview and Level Annotations

Branches:
Dungeon (5/15)
 Temple: D:4-7

Altars:
Zin

Annotations:
D:4 2 transporters, parrotman's ghost, weakling SpCj


Message History

A scorpion comes into view.
You shoot an arrow. The arrow barely misses the white imp.
The arrow hits the scorpion but does no damage.
The white imp hits you but does no damage.
The white imp hits you. The white imp freezes you. You resist.
You shoot an arrow.
The arrow hits the white imp but does no damage.
The white imp hits you but does no damage. x2
You shoot an arrow. The arrow hits the scorpion.
The scorpion is lightly wounded.
You hear an angry hiss.
The scorpion stings you.
The white imp hits you but does no damage.
The scorpion stings you. The white imp gestures at you.
The puff of frost hits you. You resist.
The scorpion stings you but does no damage.
You shoot an arrow. The arrow barely misses the scorpion.
The white imp hits you. The white imp freezes you. You resist.
An iguana comes into view.
The scorpion stings you.
You are poisoned.
The scorpion poisons you! The iguana bites you!
* * * LOW HITPOINT WARNING * * *
The white imp gestures at you.
The puff of frost hits you but does no damage.
The scorpion stings you but does no damage.
It was a potion of might.
You feel very mighty all of a sudden.
* * * LOW HITPOINT WARNING * * *
You feel very sick.
The scorpion stings you but does no damage.
The white imp hits you but does no damage.
The iguana bites you but does no damage.
It was a potion of haste.
You feel yourself speed up.
* * * LOW HITPOINT WARNING * * *
You feel very sick.
The scorpion stings you but does no damage.
The iguana bites you!
You die...

.. ..#....#
... ###.#....#
...#.........#
.............
.....#......
..........#
###....s######
#.....@5......
#....l########
#..... #.....
#..... .......
.......
.......


You could see a scorpion, an iguana and a white imp.

Vanquished Creatures
  A black bear (D:4)
  A hound (D:4)
  3 orc wizards (D:4)
  3 adders (D:3)
  8 dart slugs
  A worm (D:2)
  15 orcs
  4 ball pythons
  3 endoplasms
  2 giant cockroaches
  15 goblins
  10 hobgoblins
  2 kobolds
  A quokka (D:3)
  5 bats
  6 frilled lizards
  6 rats
86 creatures vanquished.

Notes
Turn   | Place    | Note
-------+----------+-------------------------------------------
     0 | D:1      | horus123 the Deep Elf Hunter began the quest for the Orb.
     0 | D:1      | Reached XP level 1. HP: 12/12 MP: 3/3
   204 | D:1      | Reached XP level 2. HP: 16/16 MP: 4/4
   206 | D:1      | Reached skill level 6 in Ranged Weapons
   981 | D:2      | Reached XP level 3. HP: 20/20 MP: 5/5
  1495 | D:3      | Reached skill level 7 in Ranged Weapons
  1697 | D:3      | Reached XP level 4. HP: 25/25 MP: 6/6
  1839 | D:3      | Reached skill level 8 in Ranged Weapons
  2388 | D:4      | Reached skill level 1 in Armour
  2388 | D:4      | Reached XP level 5. HP: 25/29 MP: 7/7
  2629 | D:4      | Noticed a black bear
  2636 | D:4      | Killed a black bear
  2637 | D:4      | Reached XP level 6. HP: 34/34 MP: 8/8
  2775 | D:4      | Noticed parrotman's ghost (weakling SpCj)
  2779 | D:4      | Found a transporter.
  2879 | D:4      | Found a transporter.
  2930 | D:4      | Found a glowing silver altar of Zin.
  3412 | D:5      | Entered Level 5 of the Dungeon
  3421 | D:5      | Slain by an iguana

Illustrated notes

Levels and vault maps discovered:
D:1:      lightli_arrival_statue_moat, layout_loops_ring,
          minmay_stone_trees_small
D:2:      layout_loops_cross
D:3:      minmay_razor_zed, layout_basic, serial_bayou, serial_bayou_pond_e,
          serial_bayou_pond_b, serial_bayou_pond_d, serial_bayou_pond_b
D:4:      layout_loops_ring, kennysheep_little_box, gammafunk_ghost_arena,
          dk_noncrumbling_2, minmay_misc_feat_doors, minmay_gold_behind_fungi
D:5:      layout_basic, serial_co_window_serial, co_window_corner_a,
          co_window_of_opportunity_a, co_window_paths_a, co_window_corner_a,
          co_window_of_opportunity_a, co_window_broadway_a, co_window_paths_c,
          co_window_of_opportunity_c, glass_columns_c, glass_columns_c,
          glass_columns_c, glass_columns_a, glass_columns_b

Skill      XL: |  1  2  3  4  5 |
---------------+----------------+-----
Ranged Weapons | 6 7 8 |  8.0
Armour         | 1 3 |  3.5
Fighting       | |  1.5
Dodging        | |  2.4
Stealth        | |  1.2

Action                     |  1- 3 |  4- 6 || total
---------------------------+-------+-------++-------
   Fire: Shortbow          |   109 |   153 ||   262
  Evoke: Wand              |       |     1 ||     1
    Use: Potion            |       |     2 ||     2
 Armour: Leather armour    |     7 |    33 ||    40
         Plate armour      |       |    23 ||    23
  Dodge: Dodged            |     5 |    29 ||    34

Table legend: (Time is in decaauts)
 A = Elapsed time spent in this place.
 B = Non-inter-level travel time spent in this place.
 C = Inter-level travel time spent in this place.
 D = Time resting spent in this place.
 E = Time spent auto-exploring this place.
 F = Levels seen in this place.
 G = Mean time per level.
                   A        B        C        D        E       F      G
               +--------+--------+--------+--------+--------+-----+--------+
         Total |   3457 |   3091 |    366 |     58 |   2512 |   5 |  691.4 |
       Dungeon |   3457 |   3091 |    366 |     58 |   2512 |   5 |  691.4 |
               +--------+--------+--------+--------+--------+-----+--------+

Top non-repeatable levels by time:
     D:4: 1041 daAuts
     D:1: 911 daAuts
     D:3: 861 daAuts
     D:2: 626 daAuts
     D:5: 16 daAuts
